Workbook

Sheet Важно!
A2: Обязательные дополнительные приложения к структуре цены
A4: 1. | B4: К структуре цены прилагается документ (приказ, распоряжение) утверждающий размер (процент) накладных расходов на 2012 год.
A6: 2. | B6: Документ регламентирующий размер командировочных расходов на предприятии (суточные, проживание, проезд).
A8: 3. | B8: Если предприятие перечисляет средства в резервный фонд ГК "Росатом", документ регламентирующий размер отчислений.
A10: 4. | B10: Документ подтверждающий величину отчислений в ФСС от НС и ПЗ.

Sheet Структура_цены
C1: Приложение к протоколу
C2: соглашения о договорной цене
C3: к договору
C4: № ________________________
C5: от «____» _____________ 2012 г.
A7: СТРУКТУРА ЦЕНЫ
A8: расходов на выполнение работ:
A9: «Экспертиза и согласование в Министерстве регионального развития Российской Федерации методик расчета норм времени на разработку конструкторской документации и расчета стоимости изготовления нестандартизированного оборудования для радиохимических производств»
A11: № п/п | B11: Наименование показателей | C11: Рублей
A14: 1 | B14: 2 | C14: 3
A15: 1. | B15: Прямые расходы, в т.ч. | C15: =C16+C17+C18+C21+C22+C23 -> 0
A16: 1.1 | B16: Материалы | C16: =Материалы!E23 -> 0
A17: 1.2. | B17: Специальное оборудование | C17: =Оборудование!E21 -> 0
A18: 1.3. | B18: Расходы на оплату труда | C18: =SUM(C19:C20) -> 0
A19: 1.3.1. | B19: - работников непосредственно участвующих в создании продукции | C19: =Оплата_труда!G23 -> 0
A20: 1.3.2. | B20: - работников, привлекаемых для работы по договорам гражданско-правового характера | C20: =Оплата_труда!G26 -> 0
A21: 1.4. | B21: Обязательное отчисление от оплаты труда | C21: 0
A22: 1.5. | B22: Амортизационные отчисления | C22: 0
A23: 1.6. | B23: Прочие прямые, в т.ч.: | C23: =SUM(C24:C25) -> 0
A24: 1.6.1. | B24: командировки | C24: =Командировки!M20 -> 0
A25: 1.6.2. | B25: прочие | C25: =Прочие!C16 -> 0
A26: 2. | B26: Накладные расходы, в т.ч.: | C26: =Накладные!C27 -> 0
A27: 2.1. | B27: Расходы на оплату труда АУП с отчислениями | C27: =(Накладные!C13+Накладные!C14) -> 0
A28: 3. | B28: Всего расходов собственными силами | C28: =C15+C26 -> 0
A29: 4. | B29: Работы на выполнение работ сторонними организациями | C29: =Соисполнители!C18 -> 0
A30: 5. | B30: Всего расходов | C30: =C28+C29 -> 0
A31: 6. | B31: Прибыль (~10% от расходов собственными силами) | C31: =C28*10% -> 0
A32: 7. | B32: Цена продукции | C32: =C30+C31 -> 0
A33: 8. | B33: Налог на добавленную стоимость | C33: =C32*18% -> 0
A34: Общая стоимость по договору | C34: =C32+C33 -> 0
A37: Руководитель ______________ | C37: ФИО
B38: М.П.
A39: Начальник
A40: финансово-экономической службы ________________ | C40: ФИО
A46: Статьи расходов в структуре цены могут изменяться по согласованию с Заказчиком.
A47: К структуре цены прилагаются обоснования-расшифровки по каждой статье расхода.

Sheet Материалы
D1: Приложение № ______к протоколу
D2: соглашения о договорной цене
D3: к договору
D4: № ________________________
D5: от «____» _____________ 2012 г.
A8: РАСШИФРОВКА
A9: статьи «Материалы и оборудование» к структуре цены
A11: № п/п | B11: Наименование | C11: Количество | D11: Цена за единицу без НДС, руб. | E11: Цена без НДС, руб.
A12: 1 | B12: 2 | C12: 3 | D12: 4 | E12: 5
A13: Сырье и основные технологические материалы
A14: 1 | E14: =C14*D14 -> 0
A15: 2 | E15: =C15*D15 -> 0
A16: Вспомогательные материалы
A17: 3 | E17: =C17*D17 -> 0
A18: 4 | E18: =C18*D18 -> 0
A19: 5 | E19: =C19*D19 -> 0
A20: 6 | E20: =C20*D20 -> 0
A21: 7 | E21: =C21*D21 -> 0
A22: 8 | E22: =C22*D22 -> 0
A23: ИТОГО | E23: =SUM(E14:E22) -> 0
A26: Руководитель
C27: М.П.
A28: Начальник
A29: финансово-экономической службы

Sheet Оборудование
D1: Приложение № ______к протоколу
D2: соглашения о договорной цене
D3: к договору
D4: № ________________________
D5: от «____» _____________ 2012 г.
A8: РАСШИФРОВКА
A9: статьи «Специальное оборудование» к структуре цены
A11: № п/п | B11: Наименование | C11: Количество | D11: Цена за единицу без НДС, руб. | E11: Цена без НДС, руб.
A12: 1 | B12: 2 | C12: 3 | D12: 4 | E12: 5
A13: 1 | E13: =C13*D13 -> 0
A14: 2 | E14: =C14*D14 -> 0
A15: 3 | E15: =C15*D15 -> 0
A16: 4 | E16: =C16*D16 -> 0
A17: 5 | E17: =C17*D17 -> 0
A18: 6 | E18: =C18*D18 -> 0
A19: 7 | E19: =C19*D19 -> 0
A20: 8 | E20: =C20*D20 -> 0
A21: ИТОГО | E21: =SUM(E13:E20) -> 0
A24: Руководитель
C25: М.П.
A26: Начальник
A27: финансово-экономической службы

Sheet Оплата_труда
F1: Приложение №____ к протоколу
F2: соглашения о договорной цене
F3: к договору
F4: № ________________________
F5: от «____» _____________ 2012 г.
A8: РАСШИФРОВКА
A9: статьи "Расходы на оплату труда" структуры цены
A11: № п/п | B11: Наименование должностей (профессий, категорий) работников | C11: Кол-во, чел. | D11: Кол-во месяцев | E11: Трудоемкость выполняемы работ, чел./мес. | F11: Расходы на оплату труда за месяц (с учетом надбавок, премий, отчислений в резервы из с/с), руб. | G11: ИТОГО Расходы на оплату труда, руб.
A13: 1 | B13: 2 | C13: 3 | D13: 4 | E13: 5 | F13: 6 | G13: 7
A14: Работники, непосредственно участвующих в создании продукции
A15: 1 | E15: =C15*D15 -> 0 | G15: =E15*F15 -> 0
A16: 2 | E16: =C16*D16 -> 0 | G16: =E16*F16 -> 0
A17: 3 | E17: =C17*D17 -> 0 | G17: =E17*F17 -> 0
A18: 4 | E18: =C18*D18 -> 0 | G18: =E18*F18 -> 0
A19: 5 | E19: =C19*D19 -> 0 | G19: =E19*F19 -> 0
A20: 6 | E20: =C20*D20 -> 0 | G20: =E20*F20 -> 0
A21: 7 | E21: =C21*D21 -> 0 | G21: =E21*F21 -> 0
A22: 8 | E22: =C22*D22 -> 0 | G22: =E22*F22 -> 0
A23: ИТОГО | C23: =SUM(C15:C22) -> 0 | E23: =SUM(E15:E22) -> 0 | G23: =SUM(G15:G22) -> 0
A24: По договорам гражданско-правового характера
A25: 1 | C25: 0 | D25: 0 | E25: =C25*D25 -> 0 | G25: =E25*F25 -> 0
A26: ИТОГО | C26: =SUM(C25) -> 0 | E26: =SUM(E25) -> 0 | G26: =G25 -> 0
A30: Руководитель
C31: М.П.
A32: Начальник
A33: финансово-экономической службы

Sheet Командировки
K1: Приложение № _____ к протоколу
K2: соглашения о договорной цене
K3: к договору
K4: № ________________________
K5: от «____» _____________ 2012 г.
A6: РАСШИФРОВКА
A7: статьи «Командировочные расходы» структуры цены
A9: № п/п | B9: Наименование города, куда командируется работник | C9: Наименование организации/пред-приятия, цель командировки | D9: Кол-во командируемых (чел) | E9: Продол-сть командировок (дни) | F9: Кол-во командировок | G9: Расходы по видам, рублей | M9: Итого расходы, рублей
G10: Суточные | I10: Квартирные | K10: Проезд
G11: В день | H11: Всего | I11: В день | J11: Всего | K11: В оба конца | L11: Всего
A12: 1 | B12: 2 | C12: 3 | D12: 4 | E12: 5 | F12: 6 | G12: 7 | H12: 8=4*5*6*7 | I12: 9 | J12: 10=4*(5-1)*6*9 | K12: 11 | L12: 12=4*5*11 | M12: 13=8+10+12
A13: 1 | H13: =D13*E13*F13*G13 -> 0 | J13: =I13*(E13-1)*F13*D13 -> 0 | L13: =K13*F13*D13 -> 0 | M13: =H13+J13+L13 -> 0
A14: 2 | H14: =D14*E14*F14*G14 -> 0 | J14: =I14*(E14-1)*F14*D14 -> 0 | L14: =K14*F14*D14 -> 0 | M14: =H14+J14+L14 -> 0
A15: 3 | H15: =D15*E15*F15*G15 -> 0 | J15: =I15*(E15-1)*F15*D15 -> 0 | L15: =K15*F15*D15 -> 0 | M15: =H15+J15+L15 -> 0
A16: 4 | H16: =D16*E16*F16*G16 -> 0 | J16: =I16*(E16-1)*F16*D16 -> 0 | L16: =K16*F16*D16 -> 0 | M16: =H16+J16+L16 -> 0
A17: 5 | H17: =D17*E17*F17*G17 -> 0 | J17: =I17*(E17-1)*F17*D17 -> 0 | L17: =K17*F17*D17 -> 0 | M17: =H17+J17+L17 -> 0
A18: 6 | H18: =D18*E18*F18*G18 -> 0 | J18: =I18*(E18-1)*F18*D18 -> 0 | L18: =K18*F18*D18 -> 0 | M18: =H18+J18+L18 -> 0
A19: 7 | H19: =D19*E19*F19*G19 -> 0 | J19: =I19*(E19-1)*F19*D19 -> 0 | L19: =K19*F19*D19 -> 0 | M19: =H19+J19+L19 -> 0
A20: ИТОГО | M20: =SUM(M13:M19) -> 0
A23: Руководитель
D24: М.П.
A25: Начальник
A26: финансово-экономической службы

Sheet Прочие
C1: Приложение №_____ к протоколу
C2: соглашения о договорной цене
C3: к договору
C4: № ________________________
C5: от «____» _____________ 2012 г.
A8: РАСШИФРОВКА
A9: статьи "Прочие" структуры цены
A11: № п/п | B11: Наименование | C11: Рублей
A13: 1 | B13: 2 | C13: 3
A14: 1 | C14: 0
A15: 2 | C15: 0
A16: ИТОГО | C16: =SUM(C14:C15) -> 0
A19: Руководитель
C20: М.П.
A21: Начальник
A22: финансово-экономической службы

Sheet Соисполнители
D1: Приложение № ___ к протоколу
D2: соглашения о договорной цене
D3: к договору
D4: № ________________________
D5: от «____» _____________ 2012 г.
A7: РАСШИФРОВКА
A8: статьи «Работы, выполняемые сторонними организациями» структуры цены
A10: № п/п | B10: Наименование организации, предприятия | C10: Сумма по договору без НДС, рублей | D10: Краткое наименование выполняемых работ | E10: Этапы по КП
A11: 1 | B11: 2 | C11: 3 | D11: 4 | E11: 5
A12: 1
A13: 2
A14: 3
A15: 4
A16: 5
A17: 6
A18: ИТОГО | C18: =SUM(C12:C17) -> 0
A21: Руководитель
C22: М.П.
A23: Начальник
A24: финансово-экономической службы

Sheet Накладные
C1: Приложение №_______ к протоколу
C2: соглашения о договорной цене
C3: к договору
C4: № ________________________
C5: от «____» _____________ 2012 г.
A8: РАСШИФРОВКА
A9: статьи «Накладные расходы» структуры цены
A11: № п/п | B11: Предметные статьи расходов | C11: Рублей
A12: 1 | B12: 2 | C12: 3
A13: 1
A14: 2
A15: 3
A16: 4
A17: 5
A18: 6
A19: 7
A20: 8
A21: 9
A22: 10
A23: 11
A24: 12
... A26: 14
A27: ИТОГО | C27: =SUM(C13:C26) -> 0
A31: Руководитель
C32: М.П.
A33: Начальник
A34: финансово-экономической службы
